 Dungeon Crawl Stone Soup version 0.30.0-5-g1a98f26d00 (webtiles) character file.

Game seed: 3521303634388156576

3487 jasper the Covert (level 9, -8/45 HPs)
             Began as a Spriggan Artificer on May 12, 2023.
             Was a Believer of Ignis.
             Killed from afar by an electric eel (10 damage)
             ... with a bolt of electricity
             ... in a bailey.
             The game lasted 00:12:04 (4913 turns).

jasper the Covert (Spriggan Artificer)              Turns: 4913, Time: 00:12:05

Health: -8/45      AC: 12    Str:  8    XL:     9   Next: 80%
Magic:  10/10      EV: 23    Int: 12    God:    Ignis [**....]
Gold:   295        SH:  5    Dex: 24    Spells: 8/8 levels left

rFire   + . .        E - +11 rapier of Ru's Condemnation {freeze, rN+ Will- Dex+4}
rCold   + . .        (no shield)
rNeg    + + .        c - +1 robe of Claustrophobia {rPois rC+ rN+}
rPois   +            j - +2 hat {Will+}
rElec   .            (no cloak)
rCorr   .            (gloves unavailable)
SInv    +            (boots unavailable)
Will    +....        f - amulet of reflection
Stlth   +++++        (no ring)
HPRegen 0.27/turn    (no ring)
MPRegen 0.12/turn

%: reflection
@: fiery-armoured, very quick
A: very small, no large weapons, unfitting armour, see invisible, speed 3
a: Renounce Religion, Fiery Armour, Foxfire Swarm, Rising Flame


You were in a bailey.
You worshipped Ignis.
Ignis was pleased with you.
You visited 1 branch of the dungeon, and saw 8 of its levels.
You also visited: Bailey.

You collected 295 gold pieces.

Inventory:

Hand Weapons
 a - a +0 club
 h - a +0 dagger
 v - a +3 short sword of venom
 y - a +1 dagger of venom
 E - the +11 rapier of Ru's Condemnation (weapon) {freeze, rN+ Will- Dex+4}
   (You acquired it in a bailey)

   Dex:       It affects your dexterity (+4).
   rN:        It protects you from negative energy.
   Will:      It decreases your willpower.
Missiles
 e - 3 boomerangs
 l - 6 poisoned darts (quivered)
 A - a curare-tipped dart
Armour
 b - a +1 robe
 c - the +1 robe of Claustrophobia (worn) {rPois rC+ rN+}
   (You found it on level 2 of the Dungeon)

   rC:        It protects you from cold.
   rPois:     It protects you from poison.
   rN:        It protects you from negative energy.
 j - a +2 hat of willpower (worn)
Jewellery
 f - an amulet of reflection (around neck)
 r - a +6 ring of intelligence
Wands
 d - a wand of charming (7)
 p - a wand of light (1)
 w - a wand of digging (4)
 x - a wand of roots (5)
Scrolls
 i - a scroll of magic mapping
 k - a scroll of enchant armour
 m - 2 scrolls of enchant weapon
 t - 2 scrolls of poison
 u - 2 scrolls of immolation
 C - a scroll of torment {unknown}
Potions
 g - 2 potions of curing
 n - 4 potions of might
 o - a potion of heal wounds
 q - 2 potions of lignification
 s - 3 potions of brilliance
 z - a potion of haste
 B - 2 potions of mutation {unknown}
 D - a potion of attraction {unknown}


   Skills:
 + Level 3.9 Fighting
 - Level 8.0 Short Blades
 + Level 4.6 Throwing
 + Level 6.8 Dodging
 * Level 11.4 Stealth
 + Level 7.2 Evocations


You had 8 spell levels left.
You didn't know any spells.
Your spell library was empty.

Dungeon Overview and Level Annotations

Branches:
Dungeon (8/15)             Temple (0/1) D:4          Bailey (1/1)
   Lair: D:8-11

Altars:
Hepliaklqana
Vehumet
Wu Jian
Ignis

Annotations:
D:8 exclusion: statue


Innate Abilities, Weirdness & Mutations

You are very small and have problems with some larger weapons.
You are too small for most types of armour.
You have supernaturally acute eyesight. (SInv)
You cover ground extremely quickly. (Speed+++)


Message History

The bolt of electricity hits you!
You take 17 damage, and have 28/45 hp.
MASSIVE DAMAGE!!
You open the door.
Found 16 gold pieces.
There is an open door here.
You now have 295 gold pieces (gained 16).
You close the door.
You start resting.
HP restored.
Health restored: 45 You open the door.
There is an open door here.
The electric eel shoots out a bolt of lightning at you!
The bolt of electricity misses you.
The electric eel shoots out a bolt of lightning at you!
The bolt of electricity hits you!
The electric eel shoots out a bolt of lightning at you!
The bolt of electricity misses you.
You hear a shout!
You take 12 damage, and have 33/45 hp.
MASSIVE DAMAGE!!
The electric eel shoots out a bolt of lightning at you!
The bolt of electricity misses you. The bolt of electricity hits you!
You take 8 damage, and have 25/45 hp.
The electric eel shoots out a bolt of lightning at you!
The bolt of electricity hits you!
The electric eel shoots out a bolt of lightning at you!
The bolt of electricity misses you.
An orc knight comes into view. It is wielding a +0 war axe.
You take 11 damage, and have 14/45 hp.
MASSIVE DAMAGE!!
The orc knight barely misses you.
The electric eel shoots out a bolt of lightning at you!
The bolt of electricity hits you!
* * * LOW HITPOINT WARNING * * *
You take 13 damage, and have 1/45 hp.
MASSIVE DAMAGE!!
Okay, then.
A protective cloak of flame settles atop you.
You block the orc knight's attack.
The electric eel shoots out a bolt of lightning at you!
The bolt of electricity hits you!
You die...

########################
≈≈≈≈≈≈≈≈≈≈≈≈≈≈≈≈≈≈≈≈≈≈≈≈
≈≈≈≈S≈≈≈≈≈≈≈≈≈≈≈≈≈≈≈≈≈≈≈
≈≈≈≈≈≈≈≈≈≈≈≈≈≈≈≈≈≈≈≈≈≈≈≈
≈≈≈≈≈≈≈≈≈≈≈≈≈≈≈≈≈≈≈≈S≈≈
≈≈≈≈≈≈≈≈≈≈≈≈≈≈≈≈≈≈≈≈≈≈
######~~~~~S~~S~~######
#.'........∩........'.#
###..######@######.)###
#....#[[.#.o.#.))#....#
#..).#[[.#...#.))#....#
#'#)##+###8.8###'##'#+#
≈~.#).# #...# o#..#
≈≈≈~.#.)# #8.8# ##..#
≈≈≈≈~ #).# #...# #..#
≈≈≈≈~ #..# #...# #..#
≈≈≈≈ #.)# ##'## #.)#


You could see an orc knight and 3 electric eels.

Vanquished Creatures
  An orc sorcerer (Bailey)
  A kobold demonologist (Bailey)
  2 yaks (D:8)
  Edmund (D:6)
  An acid dragon (D:8)
  10 orc warriors
  A centaur (D:5)
  An ogre (D:6)
  A kobold brigand (D:6)
  2 phantoms
  A bullfrog (D:8)
  A scorpion (D:6)
  3 wights (D:8)
  An electric eel (Bailey)
  2 orc priests
  A gnoll bouda (D:4)
  A hound (D:4)
  3 jellies
  A sleepcap (D:6)
  Ijyb (D:2)
  4 iguanas
  3 orc wizards
  8 gnolls
  8 adders
  2 white imps (D:8)
  An ufetubus (D:5)
  2 worms (D:2)
  24 orcs
  6 ball pythons (D:1)
  5 endoplasms
  4 giant cockroaches
  14 goblins
  15 hobgoblins
  8 jackals
  5 quokkas
  5 bats
  3 frilled lizards
  5 kobolds
  4 rats
162 creatures vanquished.

Vanquished Creatures (collateral kills)
  A worm (D:2)
  4 goblins (D:2)
5 creatures vanquished.

Vanquished Creatures (others)
  69 foxfires (D:4)
69 creatures vanquished.

Grand Total: 236 creatures vanquished

Notes
Turn   | Place    | Note
-------+----------+-------------------------------------------
     0 | D:1      | jasper the Spriggan Artificer began the quest for the Orb.
     0 | D:1      | Reached XP level 1. HP: 9/9 MP: 2/2
    19 | D:1      | Reached skill level 2 in Stealth
    86 | D:1      | Reached skill level 3 in Stealth
   114 | D:1      | Reached XP level 2. HP: 14/14 MP: 3/3
   291 | D:1      | Reached skill level 1 in Short Blades
   462 | D:1      | Reached XP level 3. HP: 17/17 MP: 4/4
   538 | D:2      | Identified the +1 robe of Claustrophobia {rPois rC+ rN+}
   982 | D:2      | Noticed Ijyb
   989 | D:2      | Reached XP level 4. HP: 14/21 MP: 5/5
  1001 | D:2      | Your ally Ijyb died
  1239 | D:3      | Found a faded altar of an unknown god.
  1249 | D:3      | Prayed at the altar of an unknown god.
  1249 | D:3      | Became a worshipper of Ignis, the Dying Flame
  1268 | D:3      | You fall into a shaft and drop 1 floor!
  1294 | D:4      | Reached XP level 5. HP: 6/25 MP: 6/6
  1296 | D:4      | Reached skill level 5 in Short Blades
  1628 | D:4      | Found a staircase to the Ecumenical Temple.
  1695 | D:4      | Found a hazy altar of Hepliaklqana.
  1757 | D:4      | Found an ornate altar of the Wu Jian Council.
  2097 | D:5      | Entered Level 5 of the Dungeon
  2185 | D:5      | Reached XP level 6. HP: 29/29 MP: 7/7
  2728 | D:6      | Reached XP level 7. HP: 31/32 MP: 8/8
  2732 | D:6      | Noticed Edmund
  2771 | D:6      | Killed Edmund
  2772 | D:6      | Reached skill level 4 in Stealth
  2881 | D:6      | Reached skill level 1 in Fighting
  2881 | D:6      | Reached skill level 5 in Stealth
  3020 | D:6      | Reached skill level 1 in Throwing
  3211 | D:6      | Reached skill level 6 in Stealth
  3298 | D:6      | Reached XP level 8. HP: 24/37 MP: 9/9
  3676 | D:7      | Reached skill level 5 in Evocations
  3800 | D:7      | Reached skill level 7 in Stealth
  3875 | D:8      | Identified the +4 mace of Qiomex {venom, rF+}
  4041 | D:8      | Reached skill level 5 in Dodging
  4041 | D:8      | Reached skill level 8 in Stealth
  4226 | D:8      | Found a radiant altar of Vehumet.
  4268 | D:8      | Reached skill level 9 in Stealth
  4314 | D:8      | Found a flagged portal.
  4366 | Bailey   | Entered a bailey
  4420 | Bailey   | Reached XP level 9. HP: 43/43 MP: 10/10
  4696 | Bailey   | Noticed a kobold demonologist
  4706 | Bailey   | Acquired the +11 rapier of Ru's Condemnation {freeze, rN+
                  | Will- Dex+4}
  4716 | Bailey   | Killed a kobold demonologist
  4717 | Bailey   | Reached skill level 10 in Stealth
  4785 | Bailey   | Noticed an orc sorcerer
  4789 | Bailey   | Found an iron altar of Okawaru.
  4826 | Bailey   | Killed an orc sorcerer
  4827 | Bailey   | Reached skill level 11 in Stealth
  4911 | Bailey   | Noticed an orc knight
  4912 | Bailey   | HP: 1/45 [electric eel/bolt of electricity (13)]
  4913 | Bailey   | Killed from afar by an electric eel

Illustrated notes

Levels and vault maps discovered:
D:1:      minmay_arrival_five_plusses, layout_rooms
D:2:      kennysheep_the_goblin_king, layout_basic, hangedman_feature_mirror,
          dreamdust_mushroom_princess, kennysheep_big_empty_room,
          minmay_misc_feat_roman, cheibrodos_gnoll_hut
D:3:      layout_rooms, hellmonk_ecumenical_altar_run_dry, grunt_ministairs_11
D:4:      layout_gridville, mainiacjoe_overflow_catch_the_wave,
          minmay_temple_entry_junction_2
D:5:      layout_loops_ring
D:6:      layout_loops_cross, uniq_edmund
D:7:      layout_basic, grunt_decor_one_mirror, kennysheep_small_circle
D:8:      layout_basic, mainiacjoe_overflow_paths, vehumet_statue,
          lair_entry_dummy, enter_bailey_4, gammafunk_ghost_nasty_kobolds
Bailey:   bailey_axe_of_yendor_kennysheep, bailey

Skill      XL: |  1  2  3  4  5  6  7  8  9 |
---------------+----------------------------+-----
Stealth        | 3 6 9 11 | 11.4
Short Blades   | 2 3 4 6 7 8 |  8.0
Fighting       | 1 2 3 |  3.9
Throwing       | 1 3 4 |  4.6
Dodging        | 4 5 6 |  6.8
Evocations     | 6 7 |  7.2

Action                     |  1- 3 |  4- 6 |  7- 9 || total
---------------------------+-------+-------+-------++-------
  Melee: Club              |    22 |       |       ||    22
         Dagger            |    84 |   125 |   152 ||   361
         Punch             |       |     4 |     6 ||    10
         Short sword       |       |    37 |    55 ||    92
         Rapier            |       |       |    23 ||    23
  Throw: Dart              |     8 |    11 |    31 ||    50
 Invoke: Foxfire Swarm     |       |     4 |       ||     4
         Fiery Armour      |       |     1 |     1 ||     2
  Evoke: Wand              |    26 |     3 |    13 ||    42
    Use: Scroll            |     4 |     9 |     3 ||    16
   Stab: Sleeping          |     6 |     5 |     8 ||    19
         Distracted        |       |       |     2 ||     2
         Invisible         |       |       |     2 ||     2
 Armour: Robe              |    10 |    25 |    14 ||    49
  Dodge: Dodged            |   108 |   103 |   118 ||   329
  Block: Other             |    15 |    30 |    30 ||    75
